 Dungeon Crawl Stone Soup version 0.17-a0-1481-gfdcec5c (webtiles) character file.

25 emikaela the Shooter (level 3, -3/39 HPs)
             Began as an Octopode Wanderer on July 4, 2015.
             Killed from afar by Sigmund (9 damage)
             ... with a puff of flame
             ... on level 2 of the Dungeon.
             The game lasted 00:04:39 (829 turns).

emikaela the Shooter (Octopode Wanderer)             Turns: 829, Time: 00:04:40

Health: -3/39      AC: 21    Str: 12    XL:     3   Next: 6%
Magic:  12/12      EV:  2    Int: 14    God:
Gold:   36         SH:  0    Dex: 11    Spells: 0 memorised, 2 levels left

rFire  . . .     SeeInvis .     a - +2 shortbow
rCold  . . .     Clarity  .     (no shield)
rNeg   + + +     SustAt   .     (helmet currently unavailable)
rPois  +         Gourm    .     (no amulet)
rElec  .         Spirit   .     o - ring of magical power
rCorr  .         Warding  .     (no ring)
rMut   .         NoTele   +     (no ring)
MR     .....                    (no ring)
Stlth  +++.......               (no ring)
                                (no ring)
                                (no ring)
                                (no ring)

@: tree-form, not resistant to hostile enchantments, fairly stealthy
A: almost no armour, amphibious, 8 rings, (constrict 8), (camouflage 0),
(gelatinous body 0)
a: no special abilities


You were on level 2 of the Dungeon.
You were not hungry.
You were a tree.
You visited 1 branch of the dungeon, and saw 2 of its levels.

You collected 36 gold pieces.

Inventory:

Hand weapons
 a - a +2 shortbow (weapon)
 b - a +0 dagger
Missiles
 e - 37 arrows (quivered)
 g - 13 poisoned needles
 h - 7 arrows of frost
 j - 32 stones
Jewellery
 o - a ring of magical power (left branch)
Scrolls
 l - a scroll of remove curse {unknown}
 m - 2 scrolls of identify {unknown}
 n - 2 scrolls of enchant armour {unknown}
Comestibles
 f - a bread ration
 i - 2 beef jerkies
 k - a meat ration


   Skills:
 + Level 3.4 Fighting
   Level 1.0 Polearms
 - Level 4.0 Bows
 - Level 2.6 Stealth
   Level 1.1 Evocations


You had 2 spell levels left.
You didn't know any spells.

Dungeon Overview and Level Annotations

Branches:
Dungeon (2/15)

Altars:

Annotations:
D:2 Sigmund


Innate Abilities, Weirdness & Mutations

You cannot wear most types of armour.
You are amphibious.
You can wear up to eight rings at the same time.
((You can use your tentacles to constrict eight enemies at once.))
((Your skin changes colour to match your surroundings (Stealth).))
((Your rubbery body absorbs attacks (AC +1).))


Message History

You shoot an arrow. Something hits you.
* * * LOW HITPOINT WARNING * * *
Firing (i - inventory. (,) - cycle):
e - 41 arrows (quivered)
Press: ? - help, Shift-Dir - straight line You shoot an arrow.
You feel less confused. Something hits you but does no damage.
Firing (i - inventory. (,) - cycle):
e - 40 arrows (quivered)
Press: ? - help, Shift-Dir - straight line You shoot an arrow.
Something hits you but does no damage.
Firing (i - inventory. (,) - cycle):
e - 39 arrows (quivered)
Press: ? - help, Shift-Dir - straight line You shoot an arrow.
Firing (i - inventory. (,) - cycle):
e - 38 arrows (quivered)
Press: ? - help, Shift-Dir - straight line You shoot an arrow.
You hear some strange, mumbled words.
A puff of flame appears from out of thin air!
The puff of flame hits you!
You die...

#............
#(...........#
##########.....######.#
.........#.....######.###
.......................>.
.........................
########.#{..........((..
#########.#...###....(....
...........♣............$.
#########.#.....#.#.##.#.#
#.#.(...#.#......
#.#(#.#.#.#.......
#.#.#............
#.#..............
#.#..<....##+#.#.
#.####...## ....+


There were no monsters in sight!

Vanquished Creatures
  2 giant cockroaches
  3 hobgoblins (D:1)
  6 kobolds
  4 bats (D:1)
  6 goblins (D:1)
  4 rats (D:1)
25 creatures vanquished.

Notes
Turn   | Place    | Note
--------------------------------------------------------------
     0 | D:1      | emikaela the Octopode Wanderer began the quest for the Orb.
     0 | D:1      | emikaela set off with: a +2 shortbow, 23 arrows, a potion of lignification, a potion of curing, a +0 dagger, a bread ration
     0 | D:1      | Reached XP level 1. HP: 14/14 MP: 1/1
   158 | D:1      | Reached XP level 2. HP: 20/20 MP: 2/2
   626 | D:1      | Reached XP level 3. HP: 24/26 MP: 3/3
   779 | D:2      | Noticed Sigmund
   829 | D:2      | Killed from afar by Sigmund

Vault maps used:
D:1:      dpeg_arrival_tiny_h
D:2:      first_bread, minmay_misc_feat_enclosed, patterned_corridor,
          uniq_robin, uniq_terence, uniq_sigmund

Action                   || total
-------------------------++-------
Melee: Dagger            ||    34
 Fire: Shortbow          ||    18
  Use: Potion            ||     2
 Stab: Sleeping          ||     5
